[Event "IV Jugando con las Estrellas 2019"]
[Site "Santa Cruz de la Palma"]
[Date "2019.08.11"]
[Round "4.5"]
[White "Kolosowski, Mateusz"]
[Black "Alvarado Diaz, Alejandro"]
[Result "1/2-1/2"]
[ECO "E16"]
[WhiteElo "2458"]
[BlackElo "2391"]
[Annotator "ChessBase"]
[PlyCount "50"]
[EventDate "2019.08.09"]
[EventType "swiss"]
[EventCountry "ESP"]
[SourceTitle "playchess.com"]
[Source "ChessBase"]
[SourceQuality "1"]
[TimeControl "5400+30"]

1. d4 Nf6 2. c4 e6 3. g3 d5 4. Bg2 Bb4+ 5. Nd2 O-O 6. Ngf3 b6 7. O-O Bb7 8. cxd5 exd5 9. Ne5 Nbd7 10. Ndf3 Nxe5 11. Nxe5 Bd6 12. Bg5 Re8 13. f4 Be7 14. Qb3 h6 15. e4 hxg5 16. fxg5 Rf8 17. gxf6 Bxf6 18. exd5 Qd6 19. Nc4 Bxd4+ 20. Kh1 Qd7 21. Na5 bxa5 22. Qxb7 Rab8 23. Qa6 Qb5 24. Qxb5 Rxb5 25. Rac1 Be5 1/2-1/2

[Event "IV Jugando con las Estrellas 2019"]
[Site "Santa Cruz de la Palma"]
[Date "2019.08.11"]
[Round "4.6"]
[White "Rodriguez Ferraz, Borja"]
[Black "Barbot, Pierre"]
[Result "0-1"]
[ECO "E11"]
[WhiteElo "2227"]
[BlackElo "2441"]
[Annotator "ChessBase"]
[PlyCount "140"]
[EventDate "2019.08.09"]
[EventType "swiss"]
[EventCountry "ESP"]
[SourceTitle "playchess.com"]
[Source "ChessBase"]
[SourceQuality "1"]
[TimeControl "5400+30"]

1. d4 Nf6 2. c4 e6 3. Nf3 Bb4+ 4. Bd2 Qe7 5. g3 Nc6 6. Bg2 Bxd2+ 7. Qxd2 Ne4 8. Qc2 Qb4+ 9. Nc3 Nxc3 10. Qxc3 Qxc3+ 11. bxc3 d6 12. Rb1 Rb8 13. Nd2 Na5 14. Rb5 b6 15. c5 dxc5 16. dxc5 Ke7 17. cxb6 cxb6 18. Nb3 Bd7 19. Rb4 Nc6 20. Bxc6 Bxc6 21. f3 Rhc8 22. Kd2 Rc7 23. Rc1 Rd8+ 24. Ke3 Rdc8 25. Rh4 h6 26. Kd2 e5 27. f4 exf4 28. gxf4 Bd5 29. Rh5 Rd7 30. Ke1 Rc4 31. Nd4 Ra4 32. Re5+ Kf8 33. Rd1 f6 34. Rh5 Bf7 35. Rh3 Rxa2 36. e4 Re7 37. e5 fxe5 38. Nc6 Re6 39. Nxe5 Ra4 40. Re3 Kg8 41. Rd8+ Kh7 42. f5 Re7 43. Kd2 Ra2+ 44. Kc1 Be8 45. h4 Ra1+ 46. Kd2 Rf1 47. Nc4 Rd7+ 48. Rxd7 Bxd7 49. Re7 Bxf5 50. Rxa7 Rf4 51. Nxb6 Rxh4 52. c4 Re4 53. Kc3 h5 54. Nd5 Kh6 55. Ne7 Be6 56. Kd3 Re1 57. Kd2 Re5 58. Nc6 Rc5 59. Nd4 Bxc4 60. Ke3 g6 61. Nf3 Rf5 62. Rd7 Be6 63. Rd6 Bf7 64. Ke4 Kg7 65. Rd7 Kf6 66. Rd6+ Ke7 67. Rd2 Ra5 68. Nd4 Bd5+ 69. Kf4 Kf6 70. Rf2 Ra3 {[%emt 0:00:11] Ke5+ Kxe5} 0-1

[Event "IV Jugando con las Estrellas 2019"]
[Site "Santa Cruz de la Palma"]
[Date "2019.08.11"]
[Round "4.7"]
[White "Garcia Padron, Jose"]
[Black "Roeder, Matthias"]
[Result "0-1"]
[ECO "B26"]
[WhiteElo "2415"]
[BlackElo "2380"]
[Annotator "ChessBase"]
[PlyCount "84"]
[EventDate "2019.08.09"]
[EventType "swiss"]
[EventCountry "ESP"]
[SourceTitle "playchess.com"]
[Source "ChessBase"]
[SourceQuality "1"]
[TimeControl "5400+30"]

1. e4 c5 2. Nc3 d6 3. g3 Nc6 4. Bg2 g6 5. d3 Bg7 6. Nge2 e6 7. Be3 Nd4 8. O-O Ne7 9. Qd2 Qa5 10. Nc1 Bd7 11. Rb1 Nec6 12. a3 Rc8 13. Qd1 O-O 14. Bf4 Ne5 15. Bd2 b5 16. f4 Nec6 17. N3a2 b4 18. c3 b3 19. Nxb3 Nxb3 20. Qxb3 Rb8 21. Qc2 Rfc8 22. Kh1 Qa6 23. Nc1 Ne7 24. Ne2 c4 25. dxc4 Qxc4 26. Be3 Qa6 27. Qd2 Bb5 28. Bf3 d5 29. e5 Nf5 30. Bf2 Bd3 31. Rbd1 Be4 32. Bd4 h5 33. h3 Qxe2 34. Qxe2 Nxg3+ 35. Kh2 Nxe2 36. Bxe2 Rxb2 37. Rf2 Bf8 38. Bxa7 Bc5 39. Bxc5 Rxc5 40. Kg1 Rxc3 41. Bf1 Rxf2 42. Kxf2 Rxa3 0-1

[Event "IV Jugando con las Estrellas 2019"]
[Site "Santa Cruz de la Palma"]
[Date "2019.08.11"]
[Round "4.8"]
[White "Alonso Bouza, Julio Javier"]
[Black "Ambartsumova, Karina"]
[Result "1-0"]
[ECO "C65"]
[WhiteElo "2393"]
[BlackElo "2359"]
[Annotator "ChessBase"]
[PlyCount "81"]
[EventDate "2019.08.09"]
[EventType "swiss"]
[EventCountry "ESP"]
[SourceTitle "playchess.com"]
[Source "ChessBase"]
[SourceQuality "1"]
[TimeControl "5400+30"]

1. e4 e5 2. Nf3 Nc6 3. Bb5 Nf6 4. Qe2 Bd6 5. c3 O-O 6. d3 Re8 7. h3 Bf8 8. Bg5 d6 9. Nbd2 Bd7 10. a4 h6 11. Bxf6 Qxf6 12. Nf1 d5 13. Ne3 d4 14. Ng4 Qd6 15. O-O h5 16. Ngh2 dxc3 17. bxc3 a6 18. Bc4 Be6 19. Bxe6 Qxe6 20. Ng5 Qg6 21. h4 f6 22. Nh3 Rad8 23. f4 Bd6 24. f5 Qh6 25. Rf3 Rd7 26. Kh1 Red8 27. Rg3 Bc5 28. Rf1 Kf8 29. Ng5 fxg5 30. hxg5 Qh8 31. Rh3 Qg8 32. Rxh5 Rxd3 33. Qg4 Ke8 34. f6 gxf6 35. g6 Be7 36. g7 Kf7 37. Qf5 Kxg7 38. Ng4 Rd1 39. Rxd1 Rxd1+ 40. Kh2 Rf1 41. Qxf1 1-0

[Event "IV Jugando con las Estrellas 2019"]
[Site "Santa Cruz de la Palma"]
[Date "2019.08.12"]
[Round "5.1"]
[White "Bressac, Stephane"]
[Black "Kurajica, Bojan"]
[Result "0-1"]
[ECO "B30"]
[WhiteElo "2348"]
[BlackElo "2494"]
[Annotator "ChessBase"]
[PlyCount "56"]
[EventDate "2019.08.09"]
[EventType "swiss"]
[EventCountry "ESP"]
[SourceTitle "playchess.com"]
[Source "ChessBase"]
[SourceQuality "1"]
[TimeControl "5400+30"]

1. e4 c5 2. Nf3 Nc6 3. Bb5 e6 4. O-O Nge7 5. d4 cxd4 6. Nxd4 Ng6 7. Be3 Be7 8. Be2 O-O 9. c4 b6 10. Nc3 Bb7 11. Nb3 f5 12. exf5 Rxf5 13. f4 Rf7 14. g3 Bf8 15. Ne4 d5 16. Ng5 Rf6 17. cxd5 exd5 18. Bd3 h6 19. Nf3 Qe8 20. Bd2 Bd6 21. Re1 Qf7 22. Bc3 d4 23. Qe2 Kh8 24. Bc4 Nxf4 25. gxf4 Qg6+ 26. Kh1 dxc3 27. Bd3 Qh5 28. Qe4 g6 0-1

[Event "IV Jugando con las Estrellas 2019"]
[Site "Santa Cruz de la Palma"]
[Date "2019.08.12"]
[Round "5.7"]
[White "Planas Torrea, Francisco Javier"]
[Black "Minzer, Claudio Javier"]
[Result "0-1"]
[ECO "B22"]
[WhiteElo "2084"]
[BlackElo "2446"]
[Annotator "NA RC"]
[PlyCount "72"]
[EventDate "2019.08.09"]
[EventType "swiss"]
[EventCountry "ESP"]
[SourceTitle "playchess.com"]
[Source "ChessBase"]
[SourceQuality "1"]
[TimeControl "5400+30"]

1. e4 c5 2. c3 Nf6 3. e5 Nd5 4. d4 cxd4 5. Nf3 e6 6. cxd4 d6 7. Nc3 Nxc3 8. bxc3 Qc7 9. Qb3 Nd7 10. Ba3 dxe5 11. Bxf8 Kxf8 12. Bd3 g6 13. O-O b6 14. Ng5 Kg7 15. Qxe6 Nc5 16. Qxf7+ Qxf7 17. Nxf7 Nxd3 18. Nxh8 e4 19. Nxg6 hxg6 20. a4 Be6 21. Rfd1 Bc4 22. Rd2 Re8 23. g3 Kf6 24. h4 Kf5 25. Rc2 Kg4 26. Rb1 e3 27. fxe3 Rxe3 28. Kh2 Ne1 29. Rf2 Nf3+ 30. Kg2 Bd5 31. Rb5 Nxh4+ 32. Kh2 Nf3+ 33. Kg2 Be4 34. Rb4 Ne1+ 35. Kh2 Rxg3 36. d5 Rh3+ 0-1

[Event "IV Jugando con las Estrellas 2019"]
[Site "Santa Cruz de la Palma"]
[Date "2019.08.14"]
[Round "6.1"]
[White "Kurajica, Bojan"]
[Black "Pile, Richard"]
[Result "1/2-1/2"]
[ECO "A46"]
[WhiteElo "2494"]
[BlackElo "2416"]
[Annotator "ChessBase"]
[PlyCount "40"]
[EventDate "2019.08.09"]
[EventType "swiss"]
[EventCountry "ESP"]
[SourceTitle "playchess.com"]
[Source "ChessBase"]
[SourceQuality "1"]
[TimeControl "5400+30"]

1. d4 Nf6 2. Nf3 e6 3. g3 b5 4. Qd3 b4 5. a3 Ba6 6. Qd1 bxa3 7. b3 Bb7 8. Bg2 c5 9. Bxa3 Na6 10. O-O Be7 11. e3 O-O 12. Qe2 Qb6 13. Nbd2 d5 14. Rfc1 Rfc8 15. Ne5 h6 16. c3 Rc7 17. Bb2 Rac8 18. Bf1 Nb8 19. Qb5 Nc6 20. Qxb6 axb6 1/2-1/2

[Event "IV Jugando con las Estrellas 2019"]
[Site "Santa Cruz de la Palma"]
[Date "2019.08.14"]
[Round "6.3"]
[White "Kolosowski, Mateusz"]
[Black "Roeder, Matthias"]
[Result "1-0"]
[ECO "B90"]
[WhiteElo "2458"]
[BlackElo "2373"]
[Annotator "ChessBase"]
[PlyCount "97"]
[EventDate "2019.08.09"]
[EventType "swiss"]
[EventCountry "ESP"]
[SourceTitle "playchess.com"]
[Source "ChessBase"]
[SourceQuality "1"]
[TimeControl "5400+30"]

1. e4 c5 2. Nf3 d6 3. d4 cxd4 4. Nxd4 Nf6 5. Nc3 a6 6. f3 e5 7. Nb3 Be6 8. Be3 h5 9. Nd5 Bxd5 10. exd5 Nbd7 11. Qd2 Be7 12. Be2 O-O 13. O-O Qc7 14. Rac1 Rfe8 15. c4 a5 16. Qd1 g6 17. Nd2 Nh7 18. Ne4 f5 19. Nc3 Bg5 20. Bxg5 Nxg5 21. Nb5 Qc5+ 22. Kh1 Re7 23. Qd2 Nf7 24. b3 e4 25. f4 e3 26. Qc3 Qb4 27. Qb2 Qc5 28. a3 Kh7 29. b4 axb4 30. axb4 Qb6 31. Rc2 Re4 32. g3 Nh6 33. Rfc1 Ng4 34. c5 dxc5 35. bxc5 Qa5 36. Nd4 Qa3 37. Ne6 Ngf6 38. Ng5+ Kh6 39. Qxa3 Rxa3 40. Nxe4 Nxe4 41. c6 bxc6 42. dxc6 Nb6 43. c7 Nc8 44. Kg1 h4 45. gxh4 Ned6 46. Rc3 Ra4 47. Rxe3 Rxf4 48. Ba6 Rg4+ 49. Kh1 1-0

[Event "IV Jugando con las Estrellas 2019"]
[Site "Santa Cruz de la Palma"]
[Date "2019.08.14"]
[Round "6.4"]
[White "Minzer, Claudio Javier"]
[Black "Bressac, Stephane"]
[Result "1/2-1/2"]
[ECO "E69"]
[WhiteElo "2446"]
[BlackElo "2348"]
[Annotator "NA"]
[PlyCount "26"]
[EventDate "2019.08.09"]
[EventType "swiss"]
[EventCountry "ESP"]
[SourceTitle "playchess.com"]
[Source "ChessBase"]
[SourceQuality "1"]
[TimeControl "5400+30"]

1. Nf3 d6 2. d4 Nf6 3. c4 g6 4. Nc3 Nbd7 5. g3 Bg7 6. Bg2 O-O 7. O-O e5 8. h3 c6 9. e4 exd4 10. Nxd4 Qb6 11. Nc2 Ne8 12. Qe2 Nc5 13. Rd1 f5 1/2-1/2

[Event "IV Jugando con las Estrellas 2019"]
[Site "Santa Cruz de la Palma"]
[Date "2019.08.14"]
[Round "6.7"]
[White "Rodriguez Ferraz, Borja"]
[Black "Lemos, Damian"]
[Result "0-1"]
[ECO "A36"]
[WhiteElo "2227"]
[BlackElo "2487"]
[Annotator "ChessBase"]
[PlyCount "80"]
[EventDate "2019.08.09"]
[EventType "swiss"]
[EventCountry "ESP"]
[SourceTitle "playchess.com"]
[Source "ChessBase"]
[SourceQuality "1"]
[TimeControl "5400+30"]

1. c4 g6 2. g3 Bg7 3. Bg2 c5 4. e3 e6 5. Ne2 Ne7 6. Nbc3 Nbc6 7. h4 h6 8. O-O O-O 9. b3 d5 10. Bb2 d4 11. Na4 b6 12. exd4 cxd4 13. d3 Bb7 14. b4 Qd7 15. Rb1 Rad8 16. b5 Ne5 17. Nxd4 Bxg2 18. Kxg2 Qb7+ 19. Kh3 Nxd3 20. Qxd3 Bxd4 21. Bxd4 Nf5 22. Qc3 Rxd4 23. Rbd1 Rfd8 24. Rxd4 Rxd4 25. Re1 g5 26. Nb2 gxh4 27. Nd1 hxg3 28. fxg3 Qc7 29. Nf2 Rxc4 30. Qf3 Rc3 31. Qg4+ Kf8 32. Ne4 Rc1 33. Rxc1 Qxc1 34. Qf3 Nd4 35. Qg2 Qd1 36. g4 Qd3+ 37. Ng3 h5 38. Qa8+ Kg7 39. Qxa7 Ne2 40. Qc7 hxg4+ 0-1

[Event "IV Jugando con las Estrellas 2019"]
[Site "Santa Cruz de la Palma"]
[Date "2019.08.14"]
[Round "6.8"]
[White "Hernandez Leon, Alberto"]
[Black "Pap, Misa"]
[Result "1-0"]
[ECO "A80"]
[WhiteElo "2266"]
[BlackElo "2461"]
[Annotator "RC"]
[PlyCount "119"]
[EventDate "2019.08.09"]
[EventType "swiss"]
[EventCountry "ESP"]
[SourceTitle "playchess.com"]
[Source "ChessBase"]
[SourceQuality "1"]
[TimeControl "5400+30"]

1. d4 f5 2. Bg5 g6 3. Nd2 Bg7 4. e4 fxe4 5. Nxe4 d5 6. Ng3 c5 7. Nf3 Nc6 8. dxc5 Bxb2 9. Rb1 Bc3+ 10. Bd2 Bg7 11. c4 d4 12. h4 Bg4 13. Rxb7 Nf6 14. h5 Nxh5 15. Nxh5 gxh5 16. Qc2 Qc8 17. Rb3 Qe6+ 18. Kd1 d3 19. Rxd3 O-O 20. Be2 Rad8 21. Rd5 Qf6 22. Rhxh5 Bxh5 23. Rxh5 Qa1+ 24. Qc1 Qxa2 25. Qc2 Qa1+ 26. Qc1 Qa4+ 27. Ke1 Nd4 28. Bd1 Qd7 29. Be3 Nf5 30. Bc2 e6 31. g4 Nxe3 32. Qxe3 h6 33. Kf1 Qc6 34. Be4 Qc7 35. Bc2 Qc6 36. Be4 Qe8 37. Kg2 a5 38. Bc2 Qc6 39. Be4 Qc7 40. Bc2 Rf4 41. Qxe6+ Qf7 42. Qxf7+ Kxf7 43. Kg3 Rf6 44. c6 a4 45. Ne5+ Ke7 46. Bxa4 Kd6 47. Nd3 Kc7 48. Nb4 Rf7 49. Rb5 Kd6 50. c5+ Ke5 51. Bb3 Rc7 52. Rb7 Kd4 53. f4 Rxb7 54. cxb7 Ke4 55. Bc2+ Ke3 56. Nc6 Rf8 57. b8=Q Rxb8 58. Nxb8 Bf8 59. Nd7 Be7 60. f5 1-0

[Event "IV Jugando con las Estrellas 2019"]
[Site "Santa Cruz de la Palma"]
[Date "2019.08.15"]
[Round "7.3"]
[White "Lemos, Damian"]
[Black "Capote Robayna, Nathaniel"]
[Result "1-0"]
[ECO "A28"]
[WhiteElo "2487"]
[BlackElo "2200"]
[Annotator "ChessBase"]
[PlyCount "27"]
[EventDate "2019.08.09"]
[EventType "swiss"]
[EventCountry "ESP"]
[SourceTitle "playchess.com"]
[Source "ChessBase"]
[SourceQuality "1"]
[TimeControl "5400+30"]

1. c4 Nf6 2. Nc3 e5 3. Nf3 Nc6 4. e4 Bc5 5. Nxe5 Bxf2+ 6. Kxf2 Nxe5 7. d4 Neg4+ 8. Kg1 d6 9. h3 Nh6 10. Bg5 c6 11. Qf3 Nhg8 12. Rd1 h6 13. Bf4 Nh7 14. Qg3 1-0

[Event "IV Jugando con las Estrellas 2019"]
[Site "Santa Cruz de la Palma"]
[Date "2019.08.15"]
[Round "7.6"]
[White "Bressac, Stephane"]
[Black "Alonso Bouza, Julio Javier"]
[Result "0-1"]
[ECO "B07"]
[WhiteElo "2345"]
[BlackElo "2393"]
[Annotator "ChessBase"]
[PlyCount "68"]
[EventDate "2019.08.09"]
[EventType "swiss"]
[EventCountry "ESP"]
[SourceTitle "playchess.com"]
[Source "ChessBase"]
[SourceQuality "1"]
[TimeControl "5400+30"]

1. e4 d6 2. d4 Nf6 3. Nc3 g6 4. g3 Bg7 5. Bg2 O-O 6. Nge2 e5 7. h3 c6 8. a4 a5 9. Be3 Na6 10. O-O Nb4 11. f4 Be6 12. f5 Bc4 13. g4 exd4 14. Bxd4 Re8 15. g5 Bxe2 16. Nxe2 Nxe4 17. fxg6 hxg6 18. Bxg7 Kxg7 19. Qd4+ Kg8 20. Bxe4 Qxg5+ 21. Kh1 Nxc2 22. Bxc2 Rxe2 23. Rf2 Rae8 24. Raf1 Qg3 25. Bd3 Qxh3+ 26. Kg1 Qg3+ 27. Kh1 Qh3+ 28. Kg1 R2e3 29. Rh2 Rxd3 30. Qf6 Qg4+ 31. Kh1 Qe4+ 32. Rg2 Qe6 33. Qg5 Qh3+ 34. Kg1 Qe3+ 0-1

[Event "IV Jugando con las Estrellas 2019"]
[Site "Santa Cruz de la Palma"]
[Date "2019.08.15"]
[Round "9.9"]
[White "Bressac, Stephane"]
[Black "Capote Robayna, Nathaniel"]
[Result "0-1"]
[ECO "B30"]
[WhiteElo "2345"]
[BlackElo "2200"]
[Annotator "RC"]
[PlyCount "86"]
[EventDate "2019.08.09"]
[EventType "swiss"]
[EventCountry "ESP"]
[SourceTitle "playchess.com"]
[Source "ChessBase"]
[SourceQuality "1"]
[TimeControl "5400+30"]

1. e4 c5 2. Nf3 Nc6 3. Bb5 e6 4. O-O Nge7 5. d4 cxd4 6. Nxd4 Ng6 7. Be3 Be7 8. Be2 O-O 9. c4 b6 10. Nc3 Bb7 11. Nb3 f5 12. exf5 Rxf5 13. f4 Rf8 14. g3 Nb4 15. Qd2 Qc8 16. Rad1 Rd8 17. a3 Na6 18. Nd4 Bf6 19. b4 Ne7 20. Rc1 Nc7 21. Bg4 Ne8 22. Qe2 Nd6 23. Ncb5 Nxb5 24. Nxb5 Nf5 25. Bxf5 exf5 26. Nd6 Qc6 27. Nxb7 Qxb7 28. Qd3 d5 29. Qxf5 d4 30. Bf2 Qf3 31. c5 bxc5 32. bxc5 Rac8 33. c6 Rxc6 34. Rb1 Qxa3 35. Rb7 Qd6 36. Re1 d3 37. Qh5 Rcc8 38. Qf7+ Kh8 39. Re6 d2 40. Rxd6 Rxd6 41. Rb1 Rc1+ 42. Kg2 Rd8 43. Qd7 Rxd7 0-1